AoeStats
← PomPom

Arabia

512312620Analyzed
1v1 RM · 9d ago on Oct 9, 2026· 25m 6s· 2 players
Game mode
Random Map
Map size
Tiny (2 player)
Population
200
Speed
Normal
Resources
Standard
Victory
Conquest
Starting age
Dark Age
Ending age
Imperial Age
RankedLock teamsTeams togetherTeam positionsShared explorationLock speedFull tech treeHidden civsTurbo modeCheats
Victory
Defeat
🇻🇳 Sicilians · Vietnam
1724
+12
vs
🇲🇽 Wei · Mexico
1629
-12
Wero
5:36 Loom
8:45 Feudal Age
9:59 Double-Bit Axe
11:01 Town Watch
16:42 Horse Collar
22:04 Castle Age
22:52 Husbandry
PomPom
6:36 Loom
8:52 Feudal Age
19:25 Castle Age
19:02 Scale Mail Armor
19:23 Gold Mining
19:13 Horse Collar
20:14 Forging
21:31 Stone Mining
22:37 Squires
24:32 Chain Mail Armor
Connection lost

Rejoining the realm…

Still unreachable

The connection could not be restored.

Session expired

The server has moved on; the page needs a fresh start.